 Dungeon Crawl Stone Soup version 0.25.0-9-g26727b657a (webtiles) character file.

Game seed: 7175659612814332206

37 Esekla the Charmwright (level 3, 0/32 HPs)
             Began as a Naga Skald on June 19, 2020.
             Slain by an adder (4 damage)
             ... on level 2 of the Dungeon.
             The game lasted 00:05:32 (644 turns).

Esekla the Charmwright (Naga Skald)                  Turns: 644, Time: 00:05:33

Health: 0/32       AC:  2    Str: 13    XL:     3   Next: 39%
Magic:  1/6        EV:  9    Int: 14    God:
Gold:   16         SH:  0    Dex: 10    Spells: 1/6 levels left

rFire    . . .     SeeInvis +   a - +0 falchion
rCold    . . .     Gourm    .   (no shield)
rNeg     . . .     Faith    .   b - +0 leather armour
rPois    +         Spirit   .   (no helmet)
rElec    .         Reflect  .   (no cloak)
rCorr    .         Harm     .   (no gloves)
MR       .....                  (no barding)
Stlth    +.........             (no amulet)
HPRegen  0.10/turn              (no ring)
MPRegen  0.10/turn              (no ring)

@: short of breath, very slightly contaminated, very slow
A: large, see invisible, deformed body, poison resistance, slowness 2, slow
metabolism 1, spit poison 1, AC +1
a: Spit Poison


You were on level 2 of the Dungeon.
You were not hungry.

You visited 1 branch of the dungeon, and saw 2 of its levels.

You collected 16 gold pieces.

Inventory:

Hand Weapons
 a - a +0 falchion (weapon)
Armour
 b - a +0 leather armour (worn)
Scrolls
 e - 2 scrolls of identify {unknown}
 h - a scroll of teleportation {unknown}
 i - a scroll of blinking {unknown}
 j - a scroll of enchant armour {unknown}
Potions
 c - a potion of curing {unknown}
 f - a potion of might {unknown}
 g - a potion of flight {unknown}
 k - a potion of invisibility {unknown}
Comestibles
 d - a ration


   Skills:
 + Level 2.2 Fighting
 * Level 2.9 Long Blades
 - Level 0.7 Armour
 + Level 1.7 Dodging
 + Level 0.1 Stealth
 * Level 2.3 Spellcasting
 - Level 3.0 Charms
 * Level 0.4 Translocations


You had one spell level left.
You knew the following spells:

 Your Spells              Type           Power        Failure   Level  Hunger
a - Infusion              Chrm           ##..         9%          1    #......
b - Shroud of Golubria    Chrm/Tloc      #.....       22%         2    ###....
c - Song of Slaying       Chrm           ##......     13%         2    ###....

Your spell library contained the following spells:

 Spells                   Type           Power        Failure   Level  Hunger
 Ozocubu's Armour         Chrm/Ice       #.......     43%         3    ###....
 Spectral Weapon          Hex/Chrm       #.......     43%         3    ###....


Dungeon Overview and Level Annotations

Branches:
Dungeon (2/15)

Altars:
Cheibriados


Innate Abilities, Weirdness & Mutations

You cannot wear boots.
Your serpentine skin is tough. (AC +1)
You have supernaturally acute eyesight. (SInv)
Armour fits poorly on your strangely shaped body.
Your system is resistant to poisons. (rPois)
You cover ground very slowly.
You have a slow metabolism.
You can spit poison.


Message History

The adder bites you.
* * * LOW HITPOINT WARNING * * *
Press: ? - help, Shift-Dir - straight line, f/p - adder
Aim: an adder (heavily wounded)
The splash of poison hits the adder!
The adder is poisoned.
You kill the adder!
You feel slightly more hungry.
You feel sick.
You are no longer poisoned.
You can't do that yet.
Unknown command.
You hit the adder.
The adder is heavily wounded.
You have got your breath back.
The adder closely misses you.
Press: ? - help, Shift-Dir - straight line, f - adder
Aim: an adder (heavily wounded)
The splash of poison misses the adder.
You feel slightly more hungry. The adder bites you.
You die...

## . .# .# ..#
#..#
#.#######...#...
#......@.....#
.##..#S#...#...
#..#.##..#
#.>#.##..##.
#....†......
#...)...####
######..#.####
........#.#
######..#.##


You could see an adder.

Vanquished Creatures
  2 adders (D:2)
  A dart slug (D:2)
  3 giant cockroaches (D:1)
  A goblin (D:2)
  2 hobgoblins (D:1)
  2 bats (D:1)
  2 frilled lizards (D:1)
  6 rats
19 creatures vanquished.

Notes
Turn   | Place    | Note
-------+----------+-------------------------------------------
     0 | D:1      | Esekla the Naga Skald began the quest for the Orb.
     0 | D:1      | Reached XP level 1. HP: 19/19 MP: 3/3
   211 | D:1      | Reached XP level 2. HP: 23/26 MP: 5/5
   216 | D:1      | Learned a level 2 spell: Shroud of Golubria
   219 | D:1      | Learned a level 2 spell: Song of Slaying
   493 | D:2      | Reached XP level 3. HP: 20/32 MP: 6/6
   606 | D:2      | Found a snail-covered altar of Cheibriados.
   644 | D:2      | Slain by an adder

Illustrated notes

Levels and vault maps discovered:
D:1:      sevenhm_arrival_forest_fort_large_4, layout_loops_ring
D:2:      layout_loops_ring, kennysheep_slug_shrine, uniq_robin

Action                   || total
-------------------------++-------
Melee: Falchion          ||    35
 Cast: Shroud of Golubri ||     3
 Abil: Spit Poison       ||    12
Armor: Leather armour    ||     8
Dodge: Dodged            ||    24
       Rpst.: Falchion   ||     9
